 Dungeon Crawl Stone Soup version 0.17-b1-25-g6d8775f (webtiles) character file.

317 mashulace the Skirmisher (level 6, -1/48 HPs)
             Began as a Demonspawn Fighter on Nov 5, 2015.
             Killed by divine providence
             ... invoked by an orc priest
              (12 damage)
             ... on level 3 of the Dungeon.
             The game lasted 00:18:55 (2695 turns).

mashulace the Skirmisher (Demonspawn Fighter)       Turns: 2695, Time: 00:18:57

Health: -1/48      AC:  8    Str: 17    XL:     6   Next: 20%
Magic:  6/6        EV:  7    Int: 11    God:
Gold:   45         SH:  9    Dex: 12    Spells: 0 memorised, 5 levels left

rFire  + . .     SeeInvis .     a - +1 trident
rCold  x . .     Clarity  .     b - +1 scale mail
rNeg   . . .     SustAt   .     c - +0 shield
rPois  .         Gourm    .     (no helmet)
rElec  .         Spirit   .     (no cloak)
rCorr  .         Warding  .     (no gloves)
rMut   .         Stasis   .     (no boots)
MR     .....                    (no amulet)
Stlth  ..........               (no ring)
                                v - ring of fire

@: lethally poisoned (-1 -> -12), not resistant to hostile enchantments,
extremely unstealthy
A: claws 1, talons 2, demonic guardian 1
a: no special abilities


You were on level 3 of the Dungeon.
You were not hungry.

You visited 1 branch of the dungeon, and saw 3 of its levels.

You collected 45 gold pieces.

Inventory:

Hand Weapons
 a - a +1 trident (weapon)
 r - a cursed -1 long sword
 w - a +1 rapier of venom
 y - a cursed -3 rapier
Missiles
 g - 18 bolts of frost
 h - 15 bolts
Armour
 b - a +1 scale mail (worn)
 c - a +0 shield (worn)
 m - a +0 ring mail
 n - a +0 leather armour
 p - a +0 robe
Jewellery
 v - a ring of fire (left claw)
Wands
 q - a wand of fire (11)
 x - a wand of fireball (6)
Scrolls
 f - a scroll of enchant weapon
 i - a scroll of fear
 l - 2 scrolls of remove curse
 u - a scroll of identify
Potions
 d - a potion of might
 k - a potion of curing
 s - a potion of degeneration {unknown}
Books
 t - a book of the Tempests

   Spells                             Type                      Level
   a - Static Discharge               Conjuration/Air              3
   b - Lightning Bolt                 Conjuration/Air              5
   c - Fireball                       Conjuration/Fire             5
   d - Tornado                        Air                          9
   e - Shatter                        Earth                        9
Comestibles
 e - 2 bread rations
 j - 2 slices of pizza
 z - a meat ration


   Skills:
 + Level 4.2 Fighting
 + Level 3.3 Polearms
 + Level 4.0 Armour
 + Level 3.8 Shields


You had 5 spell levels left.
You didn't know any spells.

Dungeon Overview and Level Annotations

Branches:
Dungeon (3/15)

Altars:
Elyvilon
Kikubaaqudgha
Makhleb
Vehumet
Yredelemnul


Innate Abilities, Weirdness & Mutations

You have sharp fingernails.
You have razor-sharp toenails.
A weak demonic guardian rushes to your aid.


Message History

You feel less confused.
You hear some strange, mumbled words.
Something tries to affect you, but you resist.
The rat twitches its whiskers.
The orc priest mumbles some strange prayers to Beogh against you.
Something smites you!
* * * LOW HITPOINT WARNING * * *
The orc priest casts a cantrip, but nothing happens.
Drink which item? (? for menu, Esc to quit)
You feel better.
The orc priest looks braver for a moment.
Drink which item? (? for menu, Esc to quit)
It was a potion of poison.
That liquid tasted very nasty...
You are lethally poisoned!
* * * LOW HITPOINT WARNING * * *
You feel sick.
The orc priest calls down the wrath of Beogh upon you.
Something smites you!
You die...

#....#
#.......#
###o##
#####.......#
#.#
#...........#
#.#
#.......#...#
#.#
#.......#...#
#o#
#.........###
#r#
#.###........
#.#####.#
#.....###
#.@.....#
#.....#
#########
####### # # #
# # # # #


You could see an orc priest, an orc and a rat.

Vanquished Creatures
  A human (D:2)
  An orc priest (D:3)
  Natasha (D:3)
  An orc wizard (D:3)
  4 adders (D:2)
  An ooze (D:2)
  A worm (D:2)
  A giant gecko (D:2)
  5 orcs (D:3)
  A ball python (D:1)
  5 bats
  3 giant cockroaches
  8 goblins
  3 hobgoblins
  2 jackals (D:3)
  2 quokkas (D:2)
  3 giant newts
  A goblin skeleton (D:2)
  2 kobolds (D:1)
  A kobold zombie (D:2)
  5 rats
52 creatures vanquished.

Vanquished Creatures (collateral kills)
  Terence (D:3)
  2 adders (D:3)
  2 orcs (D:3)
5 creatures vanquished.

Grand Total: 57 creatures vanquished

Notes
Turn   | Place    | Note
--------------------------------------------------------------
     0 | D:1      | mashulace the Demonspawn Fighter began the quest for the Orb.
     0 | D:1      | Reached XP level 1. HP: 18/18 MP: 1/1
   254 | D:1      | Gained mutation: You have sharp fingernails. [demonic ancestry]
   254 | D:1      | Reached XP level 2. HP: 24/24 MP: 2/2
   844 | D:2      | Gained mutation: You have sharp toenails. [demonic ancestry]
   844 | D:2      | Reached XP level 3. HP: 12/29 MP: 3/3
  1172 | D:2      | Found a burning altar of Makhleb.
  1194 | D:2      | Found an ancient bone altar of Kikubaaqudgha.
  1300 | D:2      | Found a radiant altar of Vehumet.
  1696 | D:2      | Gained mutation: You have razor-sharp toenails. [demonic ancestry]
  1696 | D:2      | Reached XP level 4. HP: 32/36 MP: 4/4
  1699 | D:2      | Found a runed door.
  1699 | D:2      | Noticed a human
  1706 | D:2      | Found a basalt altar of Yredelemnul.
  1726 | D:2      | Killed a human
  1726 | D:2      | Reached skill level 4 in Fighting
  1726 | D:2      | Gained mutation: A weak demonic guardian rushes to your aid. [demonic ancestry]
  1726 | D:2      | Reached XP level 5. HP: 29/42 MP: 5/5
  2095 | D:3      | Noticed Natasha
  2105 | D:3      | Killed Natasha
  2143 | D:3      | Found a white marble altar of Elyvilon.
  2228 | D:3      | Reached XP level 6. HP: 21/47 MP: 6/6
  2456 | D:3      | Noticed Terence
  2466 | D:3      | Killed Terence
  2648 | D:3      | Found a faded altar to an unknown god.
  2695 | D:3      | Killed from afar by an orc priest

Action                   |  1- 3 |  4- 6 || total
-------------------------+-------+-------++-------
Melee: Trident           |   119 |    89 ||   208
  Use: Scroll            |     3 |     5 ||     8
       Potion            |     2 |     2 ||     4
  Eat: Bread ration      |     1 |     1 ||     2
